 Dungeon Crawl Stone Soup version 0.29-a0-789-g7a8fcbc185 (webtiles) character file.

Game seed: 9911163628339468702

3091 frimble the Basher (level 9, -14/72 HPs)
             Began as a Minotaur Monk on July 2, 2022.
             Was an Elder of Cheibriados.
             Demolished by an orc knight
             ... wielding a +0 war axe
              (19 damage)
             ... in a bailey.
             The game lasted 00:10:29 (7075 turns).

frimble the Basher (Minotaur Monk)                  Turns: 7075, Time: 00:10:30

Health: -14/72     AC: 13    Str: 28    XL:     9   Next: 59%
Magic:  7/8        EV: 13    Int: 17    God:    Cheibriados [****..]
Gold:   924        SH:  7    Dex: 22    Spells: 5/8 levels left

rFire   x . .      SeeInvis .   e - +11 mace of Change {holy, Will+}
rCold   . . .      Faith    .   t - +0 buckler
rNeg    + + +      Spirit   .   w - +3 leather armour of Moral Flaws {rF- rN+++ Regen+ Int-2}
rPois   +          Reflect  .   (helmet restricted)
rElec   .          Harm     .   d - +1 cloak
rCorr   .          Rampage  .   (no gloves)
Will    +....                   u - +0 pair of boots
Stlth   +++.......              (no amulet)
HPRegen 1.82/turn               y - ring of poison resistance
MPRegen 0.11/turn               (no ring)

@: ice-armoured, flying, hasted
A: horns 2, retaliatory headbutt, regeneration 1, strong 1
a: Renounce Religion, Bend Time, Temporal Distortion, Slouch


You were in a bailey.
You worshipped Cheibriados.
Cheibriados was greatly pleased with you.
You visited 2 branches of the dungeon, and saw 8 of its levels.
You also visited: Bailey.

You collected 1295 gold pieces.
You spent 371 gold pieces at shops.

Inventory:

Hand Weapons
 e - the +11 mace of Change (weapon) {holy, Will+}
   (You found it on level 2 of the Dungeon)

   It has been blessed by the Shining One to cause great damage to the undead
   and demons.
   Will:      It increases your willpower.
 h - a +2 spear of freezing
Missiles
 o - a throwing net
 B - 8 boomerangs (quivered)
Armour
 d - a +1 cloak (worn)
 t - a +0 buckler (worn)
 u - a +0 pair of boots (worn)
 w - the +3 leather armour of Moral Flaws (worn) {rF- rN+++ Regen+ Int-2}
   (You bought it in a shop on level 1 of the Dungeon)

   Int:       It affects your intelligence (-2).
   rF:        It makes you vulnerable to fire.
   rN:        It renders you almost immune to negative energy.
   Regen:     It increases your rate of health regeneration.
Jewellery
 y - a ring of poison resistance (left hand)
Wands
 l - a wand of flame (41)
 v - a wand of paralysis (7)
 x - a wand of quicksilver (5)
Scrolls
 a - 2 scrolls of enchant armour
 c - a scroll of immolation
 j - a scroll of amnesia
 m - a scroll of silence {unknown}
 n - a scroll of enchant weapon
 p - a scroll of identify
 q - 2 scrolls of teleportation
Potions
 f - 2 potions of curing
 g - 4 potions of mutation
 i - a potion of lignification
 k - 2 potions of brilliance
 r - 2 potions of flight
 s - a potion of haste
 z - a potion of invisibility {unknown}
 A - a potion of might {unknown}


   Skills:
 - Level 4.7 Fighting
 - Level 9.2 Maces & Flails
 - Level 4.3 Polearms
 + Level 2.5 Throwing
 - Level 3.5 Dodging
 - Level 3.8 Stealth
 - Level 7.3 Shields
 - Level 5.0 Ice Magic


You had 5 spell levels left.
You knew the following spells:

 Your Spells              Type           Power      Damage    Failure   Level
a - Ozocubu's Armour      Ice            17%        N/A       13%         3

Your spell library contained the following spells:

 Spells                   Type           Power      Damage    Failure   Level
 Ensorcelled Hibernation  Hex/Ice        16%        N/A       19%         2
 Summon Small Mammal      Summ           0%         N/A       32%         1
 Call Canine Familiar     Summ           0%         N/A       69%         3
 Conjure Flame            Conj/Fire      0%         6-21      69%         3
 Ignite Poison            Fire/Tmut/Pois 0%         N/A       69%         3
 Spider Form              Tmut/Pois      0%         N/A       69%         3
 Summon Guardian Golem    Hex/Summ       0%         N/A       69%         3
 Tukima's Dance           Hex            0%         N/A       69%         3
 Anguish                  Hex/Necr       0%         N/A       97%         4
 Passage of Golubria      Tloc           0%         N/A       97%         4
 Sticky Flame             Conj/Fire      0%         2d3       97%         4
 Yara's Violent Unravell  Hex/Tmut       0%         3d3       100%        5
 Ozocubu's Refrigeration  Ice            8%         4d6       100%        7


Dungeon Overview and Level Annotations

Branches:
Dungeon (7/15)             Temple (1/1) D:4          Bailey (1/1)

Altars:
Ashenzari
Cheibriados
Dithmenos
Elyvilon
Gozag
Hepliaklqana
Kikubaaqudgha
Makhleb
Nemelex Xobeh
Okawaru
Sif Muna
Trog
Vehumet
Wu Jian
Xom
Yredelemnul
Zin
The Shining One

Shops:
D:1 *   D:5 :

Annotations:
Temple 2 transporters


Innate Abilities, Weirdness & Mutations

You have a pair of horns on your head.
You reflexively headbutt those who attack you in melee.
Your natural rate of healing is unusually fast.
Your muscles are strong. (Str +4, Int/Dex -1)


Message History

You kill the kobold brigand!
Cheibriados thoroughly appreciates the change of pace.
The helpless orc knight fails to defend itself.
You sock the orc knight!
The orc knight is heavily wounded.
The orc warrior no longer looks unusually strong.
The kobold barely misses you.
The helpless orc knight fails to defend itself.
You bludgeon the orc knight!!
The orc knight is almost dead.
The orc knight is no longer paralysed.
The kobold hits you but does no damage.
The orc knight hits you with a +0 war axe!
* * * LOW HITPOINT WARNING * * *
The orc warrior closely misses you. You furiously retaliate!
You headbutt the orc warrior.
Okay, then.
Okay, then.
Okay, then.
Unknown command.
Okay, then.
Unknown command.
Okay, then.
Unknown command.
Unknown command.
Okay, then.
Unknown command.
Okay, then.
Unknown command.
It was a potion of flight.
You feel very buoyant.
You fly up into the air.
The kobold closely misses you. You block the kobold's attack.
The orc knight closely misses you.
The orc warrior hits you with a +0 war axe.
* * * LOW HITPOINT WARNING * * *
It was a potion of haste.
You feel yourself speed up.
Cheibriados forgives your accidental hurry, just this once.
The kobold closely misses you. You block the kobold's attack.
The kobold misses you.
The orc knight hits you with a +0 war axe!!
You die...

#######
##.....##
#...∩...#
#....†..#
##..∩..##
##'''##
#.((#
#K@K#


#ooK# #...# ...... ≈...(... .≈≈.......≈ #≈≈.......≈≈ .≈≈.......≈≈. You could see
an orc knight, an orc warrior and 3 kobolds.

Vanquished Creatures
  2 steam dragons (D:7)
  4 sky beasts (D:7)
  Duvessa (D:5)
  2 black bears
  An orc warrior (D:6)
  An ogre (D:4)
  2 centaurs
  3 phantoms
  4 kobold brigands
  3 scorpions
  A necrophage (D:6)
  Dowan (D:5)
  2 electric eels (D:5)
  A jelly (D:4)
  2 quasits
  A hound (D:5)
  6 orc priests
  Crazy Yiuf (D:4)
  3 iguanas
  8 orc wizards
  10 adders
  7 gnolls
  A shadow imp (D:4)
  5 white imps
  2 ufetubi
  A worm (D:3)
  A dart slug (D:1)
  19 orcs
  11 ball pythons
  14 endoplasms
  7 giant cockroaches
  12 goblins
  9 hobgoblins
  6 jackals
  4 quokkas
  8 bats
  4 frilled lizards
  19 kobolds
  6 rats
195 creatures vanquished.

Vanquished Creatures (others)
  A sky beast (D:7)
  2 demonic plants (D:4)
  A plant (D:5)
4 creatures vanquished.

Grand Total: 199 creatures vanquished

Notes
Turn   | Place    | Note
-------+----------+-------------------------------------------
     0 | D:1      | frimble the Minotaur Monk began the quest for the Orb.
     0 | D:1      | Reached XP level 1. HP: 19/19 MP: 0/0
   173 | D:1      | Reached XP level 2. HP: 27/27 MP: 1/1
   468 | D:1      | Found Feeqo's General Store.
  1077 | D:2      | Reached XP level 3. HP: 33/33 MP: 2/2
  1245 | D:2      | Identified the +11 mace of Change {holy, Will+}
  1287 | D:2      | Found a faded altar of an unknown god.
  1298 | D:2      | Reached skill level 1 in Maces & Flails
  1384 | D:2      | Reached XP level 4. HP: 30/41 MP: 3/3
  1572 | D:2      | Reached skill level 2 in Maces & Flails
  2093 | D:3      | Reached skill level 3 in Maces & Flails
  2415 | D:3      | Reached XP level 5. HP: 41/47 MP: 4/4
  2566 | D:3      | Reached skill level 4 in Maces & Flails
  2830 | D:3      | Learned a level 3 spell: Ozocubu's Armour
  3239 | D:3      | Reached skill level 5 in Maces & Flails
  3239 | D:3      | Reached skill level 1 in Ice Magic
  3239 | D:3      | Reached XP level 6. HP: 33/53 MP: 5/5
  3665 | D:4      | Reached skill level 6 in Maces & Flails
  3746 | D:4      | Identified a scroll of acquirement
  3746 | D:4      | Acquired 929 gold pieces
  3955 | D:4      | Reached XP level 7. HP: 56/60 MP: 6/6
  4232 | D:4      | Found a shadowy altar of Dithmenos.
  4342 | D:4      | Reached skill level 7 in Maces & Flails
  4356 | D:4      | Found a staircase to the Ecumenical Temple.
  4453 | D:4      | Found a runed translucent door.
  4454 | D:4      | Noticed Crazy Yiuf
  4658 | D:4      | Killed Crazy Yiuf
  4794 | Temple   | Entered the Ecumenical Temple
  4794 | Temple   | Found a transporter.
  4794 | Temple   | Found a transporter.
  4796 | Temple   | Found a transporter.
  4796 | Temple   | Found a transporter.
  4813 | Temple   | Became a worshipper of Cheibriados the Contemplative
  4813 | Temple   | Reached * piety under Cheibriados
  4813 | Temple   | Reached ** piety under Cheibriados
  4867 | D:5      | Entered Level 5 of the Dungeon
  5091 | D:5      | Found a transporter.
  5228 | D:1      | Bought the +3 leather armour of Moral Flaws {rF- rN+++
                  | Regen+ Int-2} for 371 gold pieces
  5335 | D:5      | Reached XP level 8. HP: 67/67 MP: 7/7
  5373 | D:5      | Found a radiant altar of Vehumet.
  5392 | D:5      | Noticed Duvessa
  5394 | D:5      | Noticed Dowan
  5402 | D:5      | Killed Duvessa
  5403 | D:5      | Reached skill level 8 in Maces & Flails
  5408 | D:5      | Killed Dowan
  5523 | D:5      | Reached *** piety under Cheibriados
  5578 | D:5      | Found a transporter.
  5753 | D:5      | Found Muzustim's Book Shoppe.
  5934 | D:6      | Gained mutation: Your natural rate of healing is unusually
                  | fast. [potion of mutation]
  5934 | D:6      | Gained mutation: Your muscles are strong. (Str +4, Int/Dex
                  | -1) [potion of mutation]
  6226 | D:6      | Reached skill level 9 in Maces & Flails
  6226 | D:6      | Reached skill level 1 in Shields
  6708 | D:5      | Reached XP level 9. HP: 64/72 MP: 8/8
  6712 | D:5      | Reached skill level 5 in Ice Magic
  6883 | D:7      | Reached skill level 5 in Shields
  6968 | D:7      | Found a flagged portal.
  6992 | D:7      | Reached **** piety under Cheibriados
  7007 | Bailey   | Entered a bailey
  7046 | Bailey   | Reached skill level 1 in Throwing
  7054 | Bailey   | Noticed an orc knight
  7073 | Bailey   | HP: 3/72 [orc knight/+0 war axe (17)]
  7075 | Bailey   | Demolished by an orc knight

Illustrated notes

Levels and vault maps discovered:
D:1:      lightli_arrival_flooded_house, layout_loops_corners, serial_shops,
          shop, kennysheep_flooded_box, st_stairs_8
D:2:      layout_loops_corners, basic_ecumenical_altar, minmay_tromino_v4_b
D:3:      layout_rooms
D:4:      layout_cave_pools, lemuel_doored_altar, minmay_temple_entry_fiery,
          serial_demonic, serial_demonic_c, serial_demonic_a, serial_demonic_f,
          serial_demonic_e, serial_demonic_f, serial_demonic_f, minmay_vboxes,
          uniq_crazy_yiuf_cottage
D:5:      gammafunk_steamed_eel, layout_basic, nicolae_vehumet_radiance,
          serial_shops, shop, uniq_duvessa
D:6:      layout_basic
D:7:      layout_basic, chequers_temple_overflow_minitemple, enter_bailey_5,
          hangedman_misty_isle
Temple:   hellmonk_temple_divided_pantheon
Bailey:   bailey_axe_3, bailey

Skill      XL: |  1  2  3  4  5  6  7  8  9 |
---------------+----------------------------+-----
Fighting       | 4 |  4.7
Polearms       | 4 |  4.3
Maces & Flails | 1 3 5 6 7 9 |  9.2
Ice Magic      | 1 2 3 4 5 |  5.0
Stealth        | 2 3 |  3.8
Shields        | 2 7 |  7.3
Throwing       | 2 |  2.5
Dodging        | |  3.5

Action                   |  1- 3 |  4- 6 |  7- 9 || total
-------------------------+-------+-------+-------++-------
Melee: Spear             |    84 |       |       ||    84
       Headbutt          |    12 |     9 |    35 ||    56
       Punch             |     2 |       |     3 ||     5
       Mace              |    12 |    92 |   187 ||   291
Throw: Boomerang         |       |       |     7 ||     7
 Cast: Ozocubu's Armour  |       |     1 |     1 ||     2
Evoke: Wand              |       |       |     6 ||     6
  Use: Scroll            |     2 |     7 |     6 ||    15
       Potion            |       |     1 |     7 ||     8
 Stab: Sleeping          |     8 |     2 |     6 ||    16
       Paralysed         |       |       |     6 ||     6
Armor: Robe              |    11 |    29 |    11 ||    51
       Leather armour    |       |       |    78 ||    78
       Skin              |       |       |     5 ||     5
Dodge: Dodged            |    46 |    86 |   189 ||   321
Block: Buckler           |       |       |    29 ||    29

Table legend: (Time is in decaauts)
 A = Elapsed time spent in this place.
 B = Non-inter-level travel time spent in this place.
 C = Inter-level travel time spent in this place.
 D = Time resting spent in this place.
 E = Time spent auto-exploring this place.
 F = Levels seen in this place.
 G = Mean time per level.
                   A        B        C        D        E       F      G
               +--------+--------+--------+--------+--------+-----+--------+
         Total |   8103 |   7241 |    862 |    727 |   5154 |   9 |  900.3 |
       Dungeon |   7969 |   7122 |    847 |    727 |   5140 |   7 | 1138.4 |
        Temple |     42 |     28 |     14 |      0 |      3 |   1 |   42.0 |
        Bailey |     92 |     92 |      0 |      0 |     11 |   1 |   92.0 |
               +--------+--------+--------+--------+--------+-----+--------+

Top non-repeatable levels by time:
     D:3: 1448 daAuts
     D:4: 1443 daAuts
     D:5: 1393 daAuts
     D:6: 1210 daAuts
     D:2: 1140 daAuts
     D:1: 1068 daAuts
     D:7: 264 daAuts
  Bailey: 92 daAuts
  Temple: 42 daAuts
